Workbook
Name DATA8: #REF!
Name DATA8: #REF!

Sheet COMP. VIDA GRUPO
A1: UNIVERSIDAD COLEGIO MAYOR DE CUNDINAMARCA | E1: POSITIVA COMPAÑÍA DE SEGUROS S.A. | I1: ASEGURADORA SOLIDARIA DE COLOMBIA
A2: SEGURO DE VIDA GRUPO FUNCIONARIOS | E2: OTORGADO | G2: OBSERVACIONES | H2: PUNTOS OBTENIDOS | I2: OTORGADO | K2: OBSERVACIONES | L2: PUNTOS OBTENIDOS
A3: CONDICIONES COMPLEMENTARIAS | E3: SI | F3: NO | I3: SI | J3: NO
A4: Las condiciones, coberturas, cláusulas, límites y/o plazo indicados a continuación no son de obligatorio ofrecimiento por los oferentes. Para su calificación se considerarán los siguientes criterios que corresponden a los generales aplicables, por lo tanto en el caso que se estipulen criterios particulares dentro del contenido de las condiciones, estos primarán sobre los generales:
A5:  Condiciones complementarias que contienen solo texto:
A6: Se otorgará el máximo puntaje asignado a las propuestas que las ofrezcan con el mismo texto y bajo las mismas condiciones o en condiciones superiores en beneficio de la Entidad Asegurada. Las propuestas que modifiquen el texto, sin que ello conlleve a la pérdida de la aplicabilidad y/u operatividad de la condición, se le asignará el 50% del puntaje y las propuestas que no las ofrezcan se calificarán con cero (0) puntos. En el caso de ofertas que además de modificar texto, señalen limite o plazo, se calificará el puntaje promedio de la aplicación de este criterio y el de la sublimitación.
A7:  Condiciones complementarias para las cuales aplican sublímites y/o plazos:
A8: Las condiciones complementarias abajo indicadas, para las cuales se señalan sublímites y/o plazos, se calificarán con la asignación del máximo puntaje para la propuesta que ofrezca o se aproxime al sublímite y/o plazo señalado. Las demás ofertas se calificarán en forma proporcional al de la propuesta calificada con el máximo puntaje.
A9: Las condiciones complementarias abajo indicadas, en las que solo se consigna texto, se calificarán con la asignación del máximo puntaje para la propuesta que las ofrezca sin sublímite y/o término, es decir, se considerarán otorgadas al 100%. En caso de propuestas que ofrezcan estas condiciones modificadas en cuanto a plazo y/o límite, se asignará el puntaje en forma proporcional con la considerada al 100%
A10: Para las condiciones complementarias para las que se indica requerimiento de límites y/o plazos, se calificarán hasta el límite y/o plazo solicitado; es decir, los excesos u ofrecimientos adicionales a los señalados en las condiciones complementarias, no se considerarán para asignación de puntaje, sin embargo, el oferente se obliga a otorgarlo en caso de adjudicación y acepta dicha condición con la firma de la oferta.
A11: Para la aplicación de la calificación proporcional y descendente de coberturas y/o cláusulas que indiquen sublímites, frente a propuestas que las otorguen sin sublimitarlas, se considerarán éstas últimas por el 50% del valor asegurado básico y el oferente con la firma de la propuesta acepta dicho sublímite.
A12: Para la aplicación de la calificación proporcional y descendente de coberturas y/o cláusulas que indiquen términos de días, frente a propuestas que las otorguen sin término, se considerará para éstas últimas la mitad del tiempo de la vigencia ofrecida y el oferente con la firma de la propuesta acepta dicho término.
A13: Para la aplicación de la calificación proporcional y descendente de coberturas y/o cláusulas que indiquen sublímites por evento / vigencia o agregado anual, se aplicará para la calificación de evento el 50% del puntaje de la condición evaluada y el 50% para vigencia o agregado anual. De igual forma la oferta que contemple solamente sublímite para evento, se considerará para la calificación de los dos (2) aspectos, es decir, evento / vigencia o agregado anual, .
A14: En el caso de que el resultado del calculo proporcional arroje un puntaje menor a un punto, se asignará como calificación 1,00 punto.
A15:  El oferente deberá señalar expresamente en su propuesta las condiciones complementarias que ofrece especificando limite, periodo y demás información necesaria para su evaluación de acuerdo con las condiciones de cada una de ellas, en caso de que no lo indique, UNIVERSIDAD COLEGIO MAYOR DE CUNDINAMARCA, entenderá que las mismas no fueron ofrecidas y por lo tanto no se asignará puntaje alguno.
A16: Condiciones Complementarias | D16: 50 Puntos
A17: Ofrecimiento de límite adicional al básico de $16'000.000, para la Cobertura de muerte Accidental por cualquier causa, (incluido homicidio, suicidio y muerte originada por COVID-19 a partir del inicio de la cobertura), de acuerdo con lo siguiente: | D17: 15 | E17: X | G17: SE OTORGA $ 5.000.000 ADICIONALES + $ 16.000.000 OBLIGATORIOS PARA UN TOTAL DE $ 21.000.000 DE COBERTURA | H17: 15 | I17: X | K17: SE OTORGA LIMITE ADICIONAL DE $ 5,000,000 | L17: 15
A18: No ofrecimiento de Límite Adicional | C18: 0 Puntos
A19: Ofrecimiento de Límite adicional de $2.000.000 | C19: 2 Puntos
A20: Ofrecimiento de Límite adicional de $3.000.000 | C20: 5 Puntos
A21: Ofrecimiento de Límite adicional de $4.000.000 | C21: 10 Puntos
A22: Ofrecimiento de Límite adicional de $5.000.000 | C22: 15 Puntos
A23: Revocación de los amparos adicionales de la póliza, Se califica el término de días adicionales ofrecidos al básico obligatorio, hasta treinta (30) días, (Esto es el exceso de noventa (90) días del básico y hasta ciento veinte (120 ) días. | D23: 10 | E23: X | G23: Revocación de los amparos adicionales de la póliza, con término de ciento veinte (120) días. | H23: 10 | I23: X | K23: SE OTORGA 120 DIAS | L23: 10
A24: Ampliación aviso de Siniestro, noventa (90) días | D24: 10 | E24: X | G24: Ampliación aviso de siniestro: Con término de noventa (90) días | H24: 10 | I24: X | K24: SE OTORGA 90 DIAS | L24: 10
A25: El Oferente debe contemplar la extensión del término de aviso de la ocurrencia del siniestro, por parte del asegurado, a dentro de los noventa (90) días siguientes a la fecha en que lo haya conocido.
A26: Ofrecimiento de límite adicional al básico de $16'000.000, para la Cobertura de incapacidad total y permanente, por persona y de acuerdo con lo siguiente: | D26: 15 | E26: X | G26: SE OTORGA $ 5.000.000 ADICIONALES + $ 16.000.000 OBLIGATORIOS PARA UN TOTAL DE $ 21.000.000 DE COBERTURA | H26: 15 | I26: X | K26: SE OTORGA LIMITE ADICIONAL DE $ 5,000,000 | L26: 15
A27: No ofrecimiento de Límite Adicional | C27: 0 Puntos
A28: Ofrecimiento de Límite adicional de $2.000.000 | C28: 2 Puntos
A29: Ofrecimiento de Límite adicional de $3.000.000 | C29: 5 Puntos
A30: Ofrecimiento de Límite adicional de $4.000.000 | C30: 10 Puntos
A31: Ofrecimiento de Límite adicional de $5.000.000 | C31: 15 Puntos
A32: Total Puntos - Condiciones Complementarias | D32: =SUM(D17:D31) -> 50 | E32: TOTAL PUNTOS | H32: =SUM(H17:H31) -> 50 | I32: TOTAL PUNTOS | L32: =SUM(L17:L31) -> 50

Sheet COMPLE. ACCIDENTES 
A1: INVITACION No. 001 DE 2022
A2: UNIVERSIDAD COLEGIO MAYOR DE CUNDINAMARCA
A3: ANEXO No. 2 - CONDICIONES TÉCNICAS COMPLEMENTARIAS CALIFICABLES | E3: POSITIVA COMPAÑÍA DE SEGUROS S.A. | I3: ASEGURADORA SOLIDARIA DE COLOMBIA
A4: SEGURO ACCIDENTES PERSONALES | E4: OTORGADO | G4: OBSERVACIONES | H4: PUNTOS OBTENIDOS | I4: OTORGADO | K4: OBSERVACIONES | L4: PUNTOS OBTENIDOS
A5: CONDICIONES COMPLEMENTARIAS. | E5: SI | F5: NO | I5: SI | J5: NO
A6: Las condiciones, coberturas, cláusulas, límites y/o plazo indicados a continuación no son de obligatorio ofrecimiento por los oferentes. Para su calificación se considerarán los siguientes criterios que corresponden a los generales aplicables, por lo tanto en el caso que se estipulen criterios particulares dentro del contenido de las condiciones, estos primarán sobre los generales:
A7: Se precisa que el ofrecimiento de condiciones (que presten beneficio a la UNIVERSIDAD COLEGIO MAYOR DE CUNDINAMARCA, adicionales a las complementarias solicitadas o en exceso a las mismas; no serán objeto de asignación de puntaje, no obstante la presentación de éstas obliga a la Aseguradora a su otorgamiento en caso de que el contrato le sea adjudicado y el oferente con la firma de la propuesta acepta esta condición.
A8:  Condiciones complementarias que contienen solo texto:
A9: Se otorgará el máximo puntaje asignado a las propuestas que las ofrezcan con el mismo texto y bajo las mismas condiciones o en condiciones superiores en beneficio de la UNIVERSIDAD COLEGIO MAYOR DE CUNDINAMARCA Las propuestas que modifiquen el texto, sin que ello conlleve a la pérdida de la aplicabilidad y/u operatividad de la condición, se le asignará el 50% del puntaje y las propuestas que no las ofrezcan se calificarán con cero (0) puntos. En el caso de ofertas que además de modificar texto, señalen limite o plazo, se calificará el puntaje promedio de la aplicación de este criterio y el de la sublimitación.
A10:  Condiciones complementarias para las cuales aplican sublímites y/o plazos:
A11: Las condiciones complementarias abajo indicadas, para las cuales se señalan sublímites y/o plazos, se calificarán con la asignación del máximo puntaje para la propuesta que ofrezca o se aproxime al sublímite y/o plazo señalado. Las demás ofertas se calificarán en forma proporcional al de la propuesta calificada con el máximo puntaje.
A12: Las condiciones complementarias abajo indicadas, en las que solo se consigna texto, se calificarán con la asignación del máximo puntaje para la propuesta que las ofrezca sin sublímite y/o término, es decir, se considerarán otorgadas al 100%. En caso de propuestas que ofrezcan estas condiciones modificadas en cuanto a plazo y/o límite, se asignará el puntaje en forma proporcional frente a la considerada al 100%
A13: Para las condiciones complementarias para las que se indica requerimiento de límites y/o plazos, se calificarán hasta el límite y/o plazo solicitado; es decir, los excesos u ofrecimientos adicionales a los señalados en las condiciones complementarias, no se considerarán para asignación de puntaje, sin embargo, el oferente se obliga a otorgarlo en caso de adjudicación y acepta dicha condición con la firma de la oferta.
A14:  Condiciones complementarias para las cuales aplican sublímites y/o plazos:
A15: Las condiciones complementarias abajo indicadas, para las cuales se señalan sublímites y/o plazos, se calificarán con la asignación del máximo puntaje para la propuesta que ofrezca o se aproxime al sublímite y/o plazo señalado. Las demás ofertas se calificarán en forma proporcional al de la propuesta calificada con el máximo puntaje.
A16: Las condiciones complementarias abajo indicadas, en las que solo se consigna texto, se calificarán con la asignación del máximo puntaje para la propuesta que las ofrezca sin sublímite y/o término, es decir, se considerarán otorgadas al 100%. En caso de propuestas que ofrezcan estas condiciones modificadas en cuanto a plazo y/o límite, se asignará el puntaje en forma proporcional frente a la considerada al 100%
A17: Para las condiciones complementarias para las que se indica requerimiento de límites y/o plazos, se calificarán hasta el límite y/o plazo solicitado; es decir, los excesos u ofrecimientos adicionales a los señalados en las condiciones complementarias, no se considerarán para asignación de puntaje, sin embargo, el oferente se obliga a otorgarlo en caso de adjudicación y acepta dicha condición con la firma de la oferta.
... A21: El oferente deberá señalar expresamente en su propuesta las condiciones complementarias que ofrece especificando límite, periodo y demás información necesaria para su evaluación de acuerdo con las condiciones de cada una de ellas, en caso que indique "se otorga" o "si", la UNIVERSIDAD COLEGIO MAYOR DE CUNDINAMARCA entenderá que las mismas fueron ofrecidas al máximo límite o periodo y por lo tanto se asignará el mayor puntaje al límite y período requerido.
A22: Condiciones Complementarias | D22: 50 Puntos
A23: Limite asegurado por persona para el amparo de Muerte Accidental, Se califica el ofrecimiento de mayor límite adicional ofrecido al básico obligatorio, sin cobro de prima, de acuerdo con los siguientes rangos: | D23: 10 | E23: X | G23: SE OTORGA $ 4.000.000 ADICIONALES + $ 12.000.000 OBLIGATORIOS PARA UN TOTAL DE $ 16.000.000 DE COBERTURA | H23: 10 | I23: X | K23: SE OTORGA LIMITE ADICIONAL $ 4,000,000 | L23: 10
A24: Ofrecimiento de límite básico únicamente | C24: 0
A25: Ofrecimiento de límite de $1.000.000 | C25: 3
A26: Ofrecimiento de límite de $2.500.000 | C26: 6
A27: Ofrecimiento de límite de $4.000.000 | C27: 10
A28: Limite asegurado por persona para el amparo de Incapacidad total y permanente y/o Desmembración. Se califica el ofrecimiento de mayor límite adicional ofrecido al básico obligatorio, sin cobro de prima, de acuerdo con los siguientes rangos: | D28: 10 | E28: X | G28: SE OTORGA $ 4.000.000 ADICIONALES + $ 12.000.000 OBLIGATORIOS PARA UN TOTAL DE $ 16.000.000 DE COBERTURA | H28: 10 | I28: X | K28: SE OTORGA LIMITE ADICIONAL $ 4,000,000 | L28: 10
A29: Ofrecimiento de límite básico únicamente | C29: 0
A30: Ofrecimiento de límite de $1.000.000 | C30: 3
A31: Ofrecimiento de límite de $2.500.000.oo. | C31: 6
A32: Ofrecimiento de límite de $4.000.000.oo. | C32: 10
A33: Limite asegurado por persona para el amparo de Gastos médicos ,Se califica el ofrecimiento de mayor límite adicional ofrecido al básico obligatorio, sin cobro de prima, de acuerdo con los siguientes rangos: | D33: 22 | E33: X | G33: SE OTORGA $ 4.000.000 ADICIONALES + $ 10.000.000 OBLIGATORIOS PARA UN TOTAL DE $ 14.000.000 DE COBERTURA | H33: 22 | I33: X | K33: SE OTORGA LIMITE ADICIONAL $ 4,000,000 | L33: 22
A34: Ofrecimiento de límite básico únicamente | C34: 0
A35: Ofrecimiento de límite de $1.000.000 | C35: 7
A36: Ofrecimiento de límite de $2.500.000.oo. | C36: 14
A37: Ofrecimiento de límite de $4.000.000.oo. | C37: 22
A38: Auxilio Funerarios, sublímite de $3.500.000 Para acceder a la asignación de puntaje, el proponente debe aceptar el otorgamiento de esta condición sin modificación, limitación o restricción; de lo contrario se asignará cero (0) | D38: 8 | E38: X | G38: SE OTORGA $ 2.500.000 ADICIONALES + $ 3.500.000 OBLIGATORIOS PARA UN TOTAL DE $ 6.000.000 DE COBERTURA | H38: 8 | I38: X | K38: SE OTORGA LIMITE ADICIONAL $ 2,500,000 | L38: 8
A39: Ofrecimiento de Sublímite de $1.500.000 | C39: 1
A40: Ofrecimiento de Sublímite de $2.000.000 | C40: 3
A41: Ofrecimiento de Sublímite de $2.500.000 | C41: 8
A42: Total Puntos - Condiciones Complementarias | D42: =SUM(D23:D38) -> 50 | E42: TOTAL PUNTOS | H42: =SUM(H23:H41) -> 50 | I42: TOTAL PUNTOS | L42: =SUM(L23:L41) -> 50

Sheet COMP. RIESGO BIOLOGIC
A1: ANEXO 2 CONDICIONES TÉCNICAS COMPLEMENTARIAS | E1: POSITIVA COMPAÑÍA DE SEGUROS S.A. | I1: ASEGURADORA SOLIDARIA DE COLOMBIA
A2: 11.1 | B2: PÓLIZA DE SEGURO PÓLIZA DE SEGURO DE RIESGO BIOLÓGICO DECRETO 2376 DEL 01-07-2010 | E2: OTORGADO | G2: OBSERVACIONES | H2: PUNTOS OBTENIDOS | I2: OTORGADO | K2: OBSERVACIONES | L2: PUNTOS OBTENIDOS
A3: 11.10.1 | B3: CONDICIONES COMPLEMENTARIAS. | E3: SI | F3: NO | I3: SI | J3: NO
A4: Las condiciones, coberturas, cláusulas, límites y/o plazo indicados a continuación no son de obligatorio ofrecimiento por los oferentes. Para su calificación se considerarán los siguientes criterios que corresponden a los generales aplicables, por lo tanto en el caso que se estipulen criterios particulares dentro del contenido de las condiciones, estos primarán sobre los generales:
A5: Se precisa que el ofrecimiento de condiciones (que presten beneficio a la Entidad Asegurada), adicionales a las complementarias solicitadas o en exceso a las mismas; no serán objeto de asignación de puntaje, no obstante la presentación de éstas obliga a la Aseguradora a su otorgamiento en caso de que el contrato le sea adjudicado y el oferente con la firma de la propuesta acepta esta condición.
A6:  Condiciones complementarias que contienen solo texto:
A7: Se otorgará el máximo puntaje asignado a las propuestas que las ofrezcan con el mismo texto y bajo las mismas condiciones o en condiciones superiores en beneficio de la Entidad Asegurada. Las propuestas que modifiquen el texto, sin que ello conlleve a la pérdida de la aplicabilidad y/u operatividad de la condición, se le asignará el 50% del puntaje y las propuestas que no las ofrezcan se calificarán con cero (0) puntos. En el caso de ofertas que además de modificar texto, señalen Límite o plazo, se calificará el puntaje promedio de la aplicación de este criterio y el de la sublimitación.
A8:  Condiciones complementarias para las cuales aplican sublímites y/o plazos:
A9: Las condiciones complementarias abajo indicadas, para las cuales se señalan sublímites y/o plazos, se calificarán con la asignación del máximo puntaje para la propuesta que ofrezca o se aproxime al sublímite y/o plazo señalado. Las demás ofertas se calificarán en forma proporcional al de la propuesta calificada con el máximo puntaje.
A10: Las condiciones complementarias abajo indicadas, en las que solo se consigna texto, se calificarán con la asignación del máximo puntaje para la propuesta que las ofrezca sin sublímite y/o término, es decir, se considerarán otorgadas al 100%. En caso de propuestas que ofrezcan estas condiciones modificadas en cuanto a plazo y/o límite, se asignará el puntaje en forma proporcional con la considerada al 100%
A11: Para las condiciones complementarias para las que se indica requerimiento de límites y/o plazos, se calificarán hasta el límite y/o plazo solicitado; es decir, los excesos u ofrecimientos adicionales a los señalados en las condiciones complementarias, no se considerarán para asignación de puntaje, sin embargo, el oferente se obliga a otorgarlo en caso de adjudicación y acepta dicha condición con la firma de la oferta.
A12: Para la aplicación de la calificación proporcional y descendente de coberturas y/o cláusulas que indiquen sublímites, frente a propuestas que las otorguen sin sublimitarlas, se considerarán éstas últimas por el 50% del valor asegurado básico y el oferente con la firma de la propuesta acepta dicho sublímite.
A13:  Para la aplicación de la calificación proporcional y descendente de propuestas que indiquen plazo, frente a propuestas que las otorguen sin término, se considerará para éstas últimas la mitad del tiempo de la vigencia ofrecida por el oferente objeto de calificación y éste con la firma de la propuesta acepta dicho término.
A14: Para la aplicación de la calificación proporcional y descendente de coberturas y/o cláusulas que indiquen sublímites por evento / vigencia o agregado anual, se aplicará para la calificación de evento el 50% del puntaje de la condición evaluada y el 50% para vigencia o agregado anual. De igual forma la oferta que contemple solamente sublímite para evento, se considerará para la calificación de los dos (2) aspectos, es decir, evento / vigencia o agregado anual, .
A15:  Condiciones complementarias con requerimiento de oferta de Límites y/o valores fijos, cuya calificación se establece con tabla de rangos de ofrecimientos:
... A19:  El oferente deberá señalar expresamente en su propuesta las condiciones complementarias que ofrece especificando Límite, periodo y demás información necesaria para su evaluación de acuerdo con las condiciones de cada una de ellas, en caso de que no lo indique, UNIVERSIDAD COLEGIO MAYOR DE CUNDINAMARCA, entenderá que las mismas no fueron ofrecidas y por lo tanto no se asignará puntaje alguno.
A20: Condiciones Complementarias | D20: 50 Puntos
A21: Ofrecimiento de Límite adicional al básico de $24.000.000. Se califica el límite adicional sin cobro de prima de acuerdo con lo siguiente: | D21: 25 | E21: X | G21: SE OTORGA $ 5.000.000 ADICIONALES + $ 24.000.000 OBLIGATORIOS PARA UN TOTAL DE $ 29.000.000 DE COBERTURA | H21: 25 | I21: X | K21: SE OTORGA LIMITE ADICIONAL $ 5,000,000 | L21: 25
A22: No ofrecimiento de Límite Adicional | C22: 0 Puntos
A23: Ofrecimiento de Límite adicional de $2.000.000 | C23: 10 Puntos
A24: Ofrecimiento de Límite adicional de $3.000.000 | C24: 15 Puntos
A25: Ofrecimiento de Límite adicional de $4.000.000 | C25: 20 Puntos
A26: Ofrecimiento de Límite adicional de $5.000.000 | C26: 25 Puntos
A27: Restablecimiento automático del límite asegurado por pago de siniestro, hasta una (1) vez el límite asegurado contratado . | D27: 25 | E27: X | G27: SE OTORGA | H27: 25 | I27: X | K27: SE OTORGA | L27: 25
A28: Mediante la presente cláusula la Compañía acepta expresamente, que en el caso de presentarse una pérdida amparada por la presente póliza, la cuantía de tal pérdida se considerará inmediatamente restablecida desde el momento de ocurrencia del siniestro.
A29: El restablecimiento ofrecido por esta condición dará derecho a la Compañía al cobro de la prima, a prorrata, correspondiente al monto restablecido, desde la fecha de la pérdida hasta el vencimiento de la póliza, expedición de cuyo certificado de seguro realizará una vez efectuado el pago de la indemnización.
A30: Total Puntos - Condiciones Complementarias | D30: =SUM(D20:D29) -> 50 | E30: TOTAL PUNTOS | H30: =SUM(H21:H29) -> 50 | I30: TOTAL PUNTOS | L30: =SUM(L21:L29) -> 50

Sheet MENOR PRIMA
A1: UNIVERSIDAD COLEGIO MAYOR DE CUNDINAMARCA
A2: EVALUACION DE CONDICIONES COMPLEMENTARIAS.
A3: Menor Prima
A4: VALOR PRESUPUESTO $ | B4: 29665480
A5: TOTAL PUNTOS | B5: 50
A7: ASPECTO EVALUADO | B7: POSITIVA COMPAÑÍA DE SEGUROS S.A.
B8: Tasa y/o Costo Unitario | C8: Prima Mínima (Incluye IVA) | D8: PUNTOS
A10: SEGURO DE VIDA GRUPO PARA FUNCIONARIOS* | B10: 4.08 | C10: 15000000 | D10: 50
A11: POLIZA RIESGO BIOLÓGICO | B11: 20000 | C11: =(220*B11)*2 -> 8800000
A12: TOTAL PRESUPUESTO VIDA GRUPO Y RIESGO BIOLOGICO | C12: =SUM(C10:C11) -> 23800000
A13: PÓLIZA DE ACCIDENTES ESCOLARES | B13: 6500 | C13: =(6500*B13)*2 -> 84500000
A14: VIGENCIA | B14: (365) DIAS, a partir del 18 de febrero de 2022, a las 00:00 y hasta el día 18 de febrero de 2023 a las 00:00 horas
A15: * El valor señalado para esta póliza en la celda Tasa y/o costo Unitario, corresponde el valor para los dos semestres.
A17: ASPECTO EVALUADO | B17: ASEGURADORA SOLIDARIA DE COLOMBIA
B18: Tasa y/o Costo Unitario | C18: Prima Mínima | D18: PUNTOS
A20: SEGURO DE VIDA GRUPO PARA FUNCIONARIOS | B20: 86000 | C20: 18920000 | D20: =(C12*50)/C22 -> 42.357799
A21: POLIZA RIESGO BIOLÓGICO * | B21: 41700 | C21: =B21*220 -> 9174000
A22: TOTAL PRESUPUESTO VIDA GRUPO Y RIESGO BIOLOGICO | C22: =SUM(C20:C21) -> 28094000
A23: PÓLIZA DE ACCIDENTES ESCOLARES | B23: 6700 | C23: =(B23*6500)*2 -> 87100000
A25: VIGENCIA | B25: (365) DIAS, a partir del 18 de febrero de 2022, a las 00:00 y hasta el día 18 de febrero de 2023 a las 00:00 horas
A26: * El valor señalado para esta póliza en la celda Tasa y/o costo Unitario, corresponde el valor para los dos semestres. Adicionalmente, para el resultado de la celda de prima mínima se realiza la multiplicación del ofrecimiento unitario ($41,700) por un total de asegurados de 220.

Sheet CONSOLIDADO 
A2: UNIVERSIDAD COLEGIO MAYOR DE CUNDINAMARCA
A3: INVITACION 001 DE 2022 GRUPO VIDA
A4: RESUMEN CONSOLIDADO
A5: PUNTAJE Màximo según Invitación 100 Puntos | B5: POSITIVA COMPAÑÍA DE SEGUROS S.A. | H5: PUNTAJE Màximo según Invitación 100 Puntos | I5: ASEGURADORA SOLIDARIA DE COLOMBIA
A6: RAMO EVALUADO | B6: REQUISITOS TÉCNICOS HABILITANTES | C6: COMPLEMENTARIAS | D6: MENOR PRIMA | E6: SUBTOTAL | F6: PONDERACIÓN | G6: TOTAL PUNTOS | H6: RAMO EVALUADO | I6: REQUISITOS TÉCNICOS HABILITANTES | J6: COMPLEMENTARIAS | K6: MENOR PRIMA | L6: SUBTOTAL | M6: PONDERACIÓN | N6: TOTAL PUNTOS
A7: VIDA GRUPO | B7: x | C7: ='COMP. VIDA GRUPO'!H32 -> 50 | D7: 50 | E7: =+C7+D7 -> 100 | F7: 0.1105 | G7: =+E7*F7 -> 11.05 | H7: VIDA GRUPO | I7: x | J7: ='COMP. VIDA GRUPO'!L32 -> 50 | K7: 42 | L7: =+J7+K7 -> 92 | M7: 0.1105 | N7: =+L7*M7 -> 10.166
A8: ACCIDENTES PERSONALES | B8: x | C8: ='COMPLE. ACCIDENTES '!H42 -> 50 | D8: 50 | E8: =+C8+D8 -> 100 | F8: 0.6511 | G8: =+E8*F8 -> 65.11 | H8: ACCIDENTES PERSONALES | I8: x | J8: ='COMPLE. ACCIDENTES '!L42 -> 50 | K8: 42 | L8: =+J8+K8 -> 92 | M8: 0.6511 | N8: =+L8*M8 -> 59.9012
A9: RIESGO BIOLOGICO | B9: x | C9: ='COMP. RIESGO BIOLOGIC'!H30 -> 50 | D9: 50 | E9: =+C9+D9 -> 100 | F9: 0.2384 | G9: =+E9*F9 -> 23.84 | H9: RIESGO BIOLOGICO | I9: x | J9: ='COMP. RIESGO BIOLOGIC'!L30 -> 50 | K9: 42 | L9: =+J9+K9 -> 92 | M9: 0.2384 | N9: =+L9*M9 -> 21.9328
A10: TOTAL CONSOLIDADO GRUPO UNICO | F10: =SUM(F7:F9) -> 1 | G10: =SUM(G7:G9) -> 100 | H10: TOTAL CONSOLIDADO GRUPO UNICO | M10: =SUM(M7:M9) -> 1 | N10: =SUM(N7:N9) -> 92
